 Dungeon Crawl Stone Soup version 0.28.0-1-gb440e238dd (webtiles) character file.

Game seed: 7064529746314587790

2438 sanka the Nimble (level 9, -1/72 HPs)
             Began as a Merfolk Conjurer on Feb 22, 2022.
             Was a Priest of Dithmenos.
             Slain by an orc warrior (15 damage)
             ... on level 7 of the Dungeon.
             The game lasted 00:16:37 (10966 turns).

sanka the Nimble (Merfolk Conjurer)                Turns: 10966, Time: 00:16:37

Health: -1/72      AC: 11    Str:  7    XL:     9   Next: 49%
Magic:  12/12      EV: 18    Int: 24    God:    Dithmenos [***...]
Gold:   507        SH:  0    Dex: 16    Spells: 9/12 levels left

rFire   . . .      SeeInvis .   a - +0 halberd
rCold   . . .      Faith    .   (shield currently unavailable)
rNeg    . . .      Spirit   .   I - +0 steam dragon scales
rPois   .          Reflect  .   (no helmet)
rElec   .          Harm     .   A - +0 cloak
rCorr   .          Rampage  .   (no gloves)
Will    .....                   p - +0 pair of boots
Stlth   +++.......              (no amulet)
HPRegen 0.22/turn               q - +4 ring of protection
MPRegen 0.13/turn               r - +6 ring of intelligence

@: wreathed by umbra, invisible
A: (nimble swimmer 2), mertail
a: Renounce Religion, Shadow Step


You were on level 7 of the Dungeon.
You worshipped Dithmenos.
Dithmenos was most pleased with you.
You visited 1 branch of the dungeon, and saw 8 of its levels.
You also visited: Ossuary.

You collected 507 gold pieces.

Inventory:

Hand Weapons
 a - a +0 halberd (weapon)
 b - a +1 whip of electrocution
 t - a +0 spear
 x - a +0 short sword
Missiles
 v - 2 throwing nets
Armour
 p - a +0 pair of boots (worn)
 z - a +2 robe of cold resistance
 A - a +0 cloak (worn)
 I - +0 steam dragon scales (worn)
Jewellery
 q - a +4 ring of protection (left hand)
 r - a +6 ring of intelligence (right hand)
Scrolls
 c - a scroll of immolation
 e - 2 scrolls of magic mapping
 f - 9 scrolls of teleportation
 h - a scroll of amnesia {unknown}
 k - 4 scrolls of fog
 l - 2 scrolls of identify
 w - 2 scrolls of vulnerability {unknown}
 y - a scroll of summoning {unknown}
 D - a scroll of noise {unknown}
 G - a scroll of blinking {unknown}
Potions
 d - a potion of mutation {unknown}
 g - a potion of curing {unknown}
 i - 3 potions of invisibility
 j - 2 potions of cancellation {unknown}
 m - a potion of lignification {unknown}
 n - a potion of brilliance {unknown}
 o - 5 potions of heal wounds {unknown}
 s - a potion of flight {unknown}
 u - a potion of might {unknown}
 B - a potion of magic {unknown}
 C - 3 potions of haste
 E - a potion of berserk rage {unknown}
 F - a potion of resistance
 H - a potion of attraction {unknown}


   Skills:
 + Level 7.4 Fighting
 * Level 5.9 Polearms
 + Level 11.2 Dodging
 - Level 2.1 Stealth
 - Level 2.0 Spellcasting
 - Level 5.0 Conjurations


You had 9 spell levels left.
You knew the following spells:

 Your Spells              Type           Power      Damage    Failure   Level
a - Magic Dart            Conj           100%       1d8       1%          1
b - Searing Ray           Conj           52%        2d6       2%          2

Your spell library contained the following spells:

 Spells                   Type           Power      Damage    Failure   Level
 Shock                    Conj/Air       56%        1d6       4%          1
 Dazzling Flash           Conj/Hex       28%        N/A       13%         3
 Call Imp                 Summ           2%         N/A       19%         2
 Corpse Rot               Necr/Air       4%         N/A       19%         2
 Poisonous Vapours        Pois/Air       4%         N/A       19%         2
 Mephitic Cloud           Conj/Pois/Air  10%        N/A       19%         3
 Swiftness                Air            2%         N/A       34%         3
 Fulminant Prism          Conj/Hex       7%         3d7       38%         4
 Iskenderun's Mystic Bla  Conj/Tloc      14%        2d5       38%         4
 Airstrike                Air            1%         N/A       75%         4
 Alistair's Intoxication  Tmut/Pois      1%         N/A       97%         5
 Borgnjor's Vile Clutch   Necr/Erth      1%         N/A       97%         5
 Eringya's Noxious Bog    Tmut/Pois      1%         N/A       100%        6


Dungeon Overview and Level Annotations

Branches:
Dungeon (8/15)             Temple (0/1) D:7         Ossuary (visited)
   Lair: D:8-11

Altars:
Cheibriados
Dithmenos
Hepliaklqana
Kikubaaqudgha
Qazlal
Ru
Trog

Shops:
D:5 =

Annotations:
D:5 Edmund
D:7 3 runed translucent doors, exclusion: manticore, Ajdolov's ghost, novice FoFi


Innate Abilities, Weirdness & Mutations

((You are very nimble when in or above water. (Stealth+, EV+, Speed+++)))
Your lower body shifts to a powerful aquatic tail in water.


Message History

You hit the orc warrior but do no damage.
The orc warrior is severely wounded.
Something hits you but does no damage.
The orc warrior hits you with a +0 dire flail.
The orc barely misses you.
Unknown command.
You closely miss the orc warrior.
The orc warrior is severely wounded.
Something hits you.
The orc warrior hits you with a +0 dire flail!!
The orc closely misses you.
You barely miss the orc warrior.
The orc warrior is severely wounded.
Something hits you but does no damage. The orc warrior barely misses you.
The orc barely misses you. Something hits you but does no damage.
The orc warrior barely misses you.
Unknown command.
You hit the orc warrior but do no damage.
The orc warrior is severely wounded.
The orc hits you but does no damage. Something completely misses you.
The orc warrior hits you with a +0 dire flail!
The orc barely misses you.
You closely miss the orc warrior.
The orc warrior is severely wounded.
Something barely misses you.
The orc warrior hits you with a +0 dire flail!
* * * LOW HITPOINT WARNING * * *
The orc hits you but does no damage.
You closely miss the orc warrior.
The orc warrior is severely wounded.
Something hits you.
* * * LOW HITPOINT WARNING * * *
The orc warrior barely misses you. The orc barely misses you.
Unknown command.
It was a potion of invisibility.
You fade into invisibility!
Something hits you.
* * * LOW HITPOINT WARNING * * *
The orc warrior hits you with a +0 dire flail!
You die...

#. ####.#.....##.##### #.
#..........##.....# #H
#.##.############.#
#.##.##.# #.# #.......#
####.### #######.##########
#......# ...# #.#........#
#.##.#.# .#.####........{o#
#.##.#.## ................@#
#.......# #)#............o.#
#.##.#..#
#[###............###.......#
#...###..........##.....##[#
........#........##..#####.#
..>..##...#########..#####.#
.....#.....# #........#
#...##.....# #.########
###.#......# #.#


You could see an orc warrior and an orc.

Vanquished Creatures
  2 steam dragons (D:7)
  Menkaure (D:5)
  A water moccasin (D:6)
  An orc warrior (D:7)
  A sky beast (D:7)
  3 ogres
  A black bear (D:7)
  Blork the orc (D:5)
  3 bullfrogs
  3 scorpions (D:4)
  A howler monkey (D:4)
  A bullfrog zombie (D:6)
  2 hounds (D:6)
  A bullfrog skeleton (D:6)
  2 centaur zombies
  An orc priest (D:7)
  3 gnoll shamans
  A jelly (D:6)
  2 centaur skeletons
  5 orc wizards
  A killer bee zombie (D:7)
  11 mummies (Ossuary)
  7 adders
  11 gnolls
  A shadow imp (D:6)
  A white imp (D:7)
  3 worms (D:2)
  3 dart slugs
  9 orcs
  8 endoplasms
  6 giant cockroaches
  5 goblins
  3 hobgoblins
  5 jackals (D:2)
  5 quokkas
  9 ball pythons
  7 bats
  3 frilled lizards (D:3)
  3 gnoll skeletons (Ossuary)
  2 goblin skeletons (Ossuary)
  7 kobolds
  A kobold skeleton (Ossuary)
  2 orc skeletons (Ossuary)
  4 rats
  11 rat skeletons (Ossuary)
164 creatures vanquished.

Vanquished Creatures (others)
  3 fungi (D:7)
  3 plants
6 creatures vanquished.

Grand Total: 170 creatures vanquished

Notes
Turn   | Place    | Note
-------+----------+-------------------------------------------
     0 | D:1      | sanka the Merfolk Conjurer began the quest for the Orb.
     0 | D:1      | Reached XP level 1. HP: 13/13 MP: 3/3
   313 | D:1      | Reached XP level 2. HP: 16/19 MP: 0/5
   366 | D:1      | Learned a level 2 spell: Searing Ray
  1181 | D:1      | Reached XP level 3. HP: 8/24 MP: 0/6
  1906 | D:2      | Reached XP level 4. HP: 30/30 MP: 1/7
  3033 | D:2      | Reached skill level 5 in Conjurations
  3546 | D:3      | Found a faded altar of an unknown god.
  3556 | D:3      | Prayed at the altar of an unknown god.
  3556 | D:3      | Became a worshipper of Dithmenos the Shadowed
  3556 | D:3      | Reached * piety under Dithmenos
  3582 | D:3      | Reached XP level 5. HP: 36/36 MP: 6/8
  3653 | D:3      | Found a stormy altar of Qazlal.
  3706 | D:3      | Reached skill level 3 in Dodging
  3836 | D:3      | Found a sacrificial altar of Ru.
  3986 | D:3      | Reached skill level 1 in Fighting
  4400 | D:4      | Reached skill level 4 in Dodging
  4509 | D:4      | Reached XP level 6. HP: 37/46 MP: 1/9
  4640 | D:4      | Reached skill level 5 in Dodging
  4763 | D:4      | Reached skill level 6 in Dodging
  4993 | D:4      | Reached XP level 7. HP: 52/52 MP: 6/10
  5438 | D:4      | Reached skill level 7 in Dodging
  5711 | D:5      | Entered Level 5 of the Dungeon
  5711 | D:5      | Noticed Edmund
  5782 | D:5      | Found Ogesaq's Jewellery Shoppe.
  5792 | D:5      | Reached ** piety under Dithmenos
  6115 | D:5      | Noticed Menkaure
  6130 | D:5      | Killed Menkaure
  6131 | D:5      | Reached skill level 8 in Dodging
  6282 | D:5      | Noticed Blork the orc
  6305 | D:5      | Reached XP level 8. HP: 60/60 MP: 2/11
  6391 | D:5      | Killed Blork the orc
  6513 | D:5      | Reached skill level 9 in Dodging
  6636 | D:5      | Found a bloodstained altar of Trog.
  7030 | D:6      | Reached skill level 5 in Fighting
  7887 | D:6      | Reached skill level 10 in Dodging
  8142 | D:7      | Found a sand-covered staircase.
  8151 | Ossuary  | Entered an ossuary
  8379 | Ossuary  | Reached *** piety under Dithmenos
  8909 | D:7      | Reached skill level 1 in Polearms
  8909 | D:7      | Reached XP level 9. HP: 60/71 MP: 12/12
  9298 | D:7      | Found a staircase to the Ecumenical Temple.
  9859 | D:7      | Reached skill level 11 in Dodging
 10036 | D:7      | Noticed a manticore
 10108 | D:7      | Reached skill level 5 in Polearms
 10174 | D:7      | Found an ancient bone altar of Kikubaaqudgha.
 10246 | D:7      | Noticed a troll
 10311 | D:7      | Found a hazy altar of Hepliaklqana.
 10425 | D:7      | Found a snail-covered altar of Cheibriados.
 10704 | D:7      | Found a runed translucent gate.
 10704 | D:7      | Found a runed translucent gate.
 10704 | D:7      | Found a runed translucent gate.
 10704 | D:7      | Noticed a kobold demonologist
 10705 | D:7      | Noticed Ajdolov's ghost (novice FoFi)
 10966 | D:7      | Slain by an orc warrior

Illustrated notes

Levels and vault maps discovered:
D:1:      roderic_chinese_lattice_arrival, layout_loops_ring, serial_forest,
          infiniplex_forest_zigzag_2, infiniplex_forest_clump_C,
          infiniplex_forest_lined_corner, infiniplex_forest_straight_3,
          infiniplex_forest_clump_double, infiniplex_forest_straight_1,
          infiniplex_forest_corner_1
D:2:      minmay_recursive_quarters, layout_basic
D:3:      layout_basic, amcnicky_altar_gilded, grunt_qazlal_clouds,
          dilly_ecumenical_altar_fadedgnrine
D:4:      layout_cave_pools
D:5:      layout_rooms, nicolae_overflow_crystal_walls,
          gammafunk_temple_overflow_elements, serial_shops, shop,
          hangedman_decor_diamond_cutter, uniq_edmund, uniq_menkaure,
          uniq_blork_the_orc
D:6:      layout_cave_pods, minmay_misc_feat_square, minmay_stone_trees_small
D:7:      layout_loops_cross, lemuel_coloured_pillars_altar,
          worldfamousw_hep_ancestral_shrine, mainiacjoe_overflow_brackets,
          minmay_temple_entry_slanted, gammafunk_ghost_nasty_kobolds,
          nicolae_ossuary_entry_ruins
D:8:      minmay_the_grid_triangle_9x9_recursive_2
          [minmay_the_grid_triangle_9x9_prize_top_heavy,
          minmay_the_grid_triangle_9x9_wacky_v,
          minmay_the_grid_triangle_9x9_warning,
          minmay_the_grid_triangle_9x9_checkered], layout_basic,
          doesnt_xom_only_xom, uniq_psyche

Skill      XL: |  1  2  3  4  5  6  7  8  9 |
---------------+----------------------------+-----
Conjurations   | 4 5 |  5.0
Dodging        | 4 6 8 10 11 | 11.2
Fighting       | 2 3 4 6 7 |  7.4
Polearms       | 1 5 |  5.9
Stealth        | |  2.1
Spellcasting   | |  2.0

Action                   |  1- 3 |  4- 6 |  7- 9 || total
-------------------------+-------+-------+-------++-------
Melee: Short sword       |     6 |    36 |       ||    42
       Spear             |       |       |    10 ||    10
       Whip              |       |       |   225 ||   225
       Punch             |       |       |     7 ||     7
       Halberd           |       |       |   158 ||   158
 Cast: Magic Dart        |    61 |    83 |   121 ||   265
       Searing Ray       |     1 |     8 |    21 ||    30
  Use: Scroll            |       |       |     4 ||     4
       Potion            |       |       |     1 ||     1
 Stab: Sleeping          |       |       |    10 ||    10
Armor: Robe              |     3 |     4 |    57 ||    64
       Steam dragon scal |       |       |    56 ||    56
Dodge: Dodged            |    14 |    27 |   334 ||   375
